Map: Backwater LE

Players

Baxster - Winner!

  • Race: Terran Terran
  • League: Diamond
  • Spawn Location: 5:00

AdaRi

  • Race: Protoss Protoss
  • Spawn Location: 11:00

VOD

Have the link to the VOD?

Description

Time

  • Played on: Jan. 28, 2018, 11:36 a.m.
  • Length: 9:43
Show
View Real Time Build Order
Export as new Build Order

Baxster Terran - Winner!

Build Orders: MMM Bio 

Get SALT Encoding   

  12  0:00  SCV  
  13  0:18  Supply Depot  
  13  0:20  SCV  
  14  0:32  SCV  
  15  0:43  Barracks  
  15  0:47  Refinery, SCV  
  16  1:00  SCV  
  17  1:12  SCV  
  18  1:31  Command Center  
  18  1:35  SCV  
  18  1:39  Marine  
  20  1:53  SCV  
  21  1:55  Supply Depot  
  22  2:05  SCV  
  23  2:09  Refinery  
  23  2:20  SCV  
  24  2:26  Barracks Reactor  
  23  2:30  Factory  
  23  2:34  SCV  
  23  2:44  SCV  
  23  2:47  Orbital Command  
  24  2:59  Barracks, SCV  
  24  3:03  Marine x2  
  27  3:13  SCV  
  27  3:18  Factory Tech Lab  
  27  3:19  Starport  
  28  3:21  SCV  
  28  3:26  SCV  
  30  3:29  Marine x2  
  30  3:33  SCV  
  36  3:44  Siege Tank  
  36  3:46  SCV  
  37  3:49  SCV  
  37  3:51  Barracks Tech Lab  
  37  3:53  Marine  
  39  3:59  SCV  
  40  4:10  SCV  
  40  4:12  Starport Reactor  
  40  4:14  Barracks  
  40  4:15  Concussive Shells  
  40  4:16  Marine x2  
  43  4:17  Marine  
  41  4:34  Marine x2, SCV  
  43  4:44  Siege Tank  
  45  4:46  Marauder  
  46  4:58  Supply Depot  
  46  4:59  Supply Depot  
  46  5:04  SCV  
  46  5:05  Liberator, Marine  
  46  5:16  Barracks Tech Lab  
  46  5:17  Barracks  
  46  5:20  Marine, SCV x2, Medivac  
  54  5:32  SCV x2  
  56  5:44  SCV  
  56  5:49  Stimpack  
  57  5:51  Command Center  
  57  5:58  Marine x2  
  57  6:00  Marauder  
  57  6:01  SCV  
  62  6:13  Supply Depot  
  62  6:21  Refinery  
  62  6:24  Supply Depot  
  62  6:33  Engineering Bay  
  62  6:34  SCV, Engineering Bay, Medivac  
  62  6:35  SCV, Marauder  
  68  6:46  Barracks Tech Lab, Siege Tank  
  68  6:47  SCV  
  72  6:49  Marine x2  
  72  6:51  Medivac  
  72  6:53  SCV  
  77  6:59  Refinery, SCV  
  78  7:03  Marauder  
  78  7:08  Combat Shields  
  81  7:10  Marine  
  81  7:11  SCV  
  81  7:12  SCV  
  81  7:13  Orbital Command  
  83  7:23  SCV  
  83  7:24  SCV  
  83  7:26  Marine x3  
  83  7:27  Marauder  
  90  7:35  Terran Infantry Weapons Level 1  
  90  7:37  Terran Infantry Armor Level 1  
  90  7:39  SCV  
  90  7:40  SCV x2  
  93  7:45  Supply Depot  
  93  7:46  Supply Depot  
  93  8:07  Marine x2, SCV x3, Marauder  
  93  8:08  Marauder  
  93  8:11  Barracks  
  102  8:14  Supply Depot  
  102  8:15  Supply Depot  
  102  8:19  SCV x2  
  104  8:35  Marine x4  
  104  8:36  Marauder  
  110  8:42  Barracks x2  
  110  8:54  Marauder  
  112  8:56  Marine x2  
  112  8:58  Marauder x2  
  112  9:00  Siege Tank  
  124  9:40  Barracks Reactor x2  
Show
View Real Time Build Order
Export as new Build Order

AdaRi Protoss 

Build Orders:  

Get SALT Encoding   

  12  0:01  Probe  
  13  0:13  Probe  
  14  0:18  Pylon  
  14  0:25  Probe  
  15  0:37  Probe (Chrono Boost)  
  15  0:39  Gateway  
  16  0:44  Assimilator  
  16  0:49  Probe (Chrono Boost)  
  17  0:57  Probe (Chrono Boost)  
  18  1:03  Probe  
  19  1:15  Probe  
  19  1:16  Gateway  
  20  1:19  Pylon  
  20  1:27  Probe  
  20  1:32  Cybernetics Core  
  21  1:46  Probe, Assimilator  
  22  1:58  Probe  
  23  2:11  Stalker x2 (Chrono Boost)  
  27  2:20  Warp Gate  
  27  2:31  Probe  
  27  2:36  Nexus  
  28  2:50  Pylon  
  28  2:59  Probe  
  28  3:02  Stalker  
  31  3:08  Stalker  
  31  3:12  Probe  
  34  3:24  Probe  
  34  3:26  Robotics Facility  
  35  3:31  Pylon  
  35  3:36  Probe  
  36  3:42  Pylon  
  36  3:48  Probe  
  37  4:00  Probe  
  38  4:04  Gateway  
  38  4:07  Pylon, Probe  
  38  4:10  Shield Battery  
  38  4:13  Probe  
  37  4:54  Probe x2  
  37  4:56  Assimilator  
  39  5:00  Assimilator  
  39  5:03  Pylon  
  35  5:16  Observer (Chrono Boost)  
  36  5:21  Twilight Council  
  36  5:25  Gateway  
  36  5:29  Immortal (Chrono Boost)  
  36  5:30  Stalker x3  
  46  5:38  Shield Battery  
  46  5:39  Forge  
  46  5:44  Probe x2  
  48  5:54  Sentry x3  
  48  5:56  Probe x2  
  56  6:06  Immortal  
  56  6:09  Templar Archives  
  56  6:11  Pylon, Probe  
  60  6:12  Probe  
  60  6:14  Protoss Ground Weapons Level 1 (Chrono Boost)  
  60  6:18  Adept x3  
  66  6:23  Probe  
  69  6:43  Adept  
  69  6:44  Adept x3  
  77  7:04  Nexus  
  77  7:07  Pylon  
  77  7:09  Pylon  
  77  7:11  Sentry x4  
  85  7:17  Psionic Storm  
  85  7:22  Probe (Chrono Boost)  
  87  7:23  Probe (Chrono Boost)  
  87  7:31  Observer  
  87  7:33  Probe x2 (Chrono Boost)  
  90  7:39  Stalker x2  
  90  7:44  Adept  
  96  7:45  Sentry  
  98  7:57  Probe x2  
  100  8:09  Probe x2  
  100  8:10  Shield Battery  
  100  8:11  Stalker  
  100  8:12  Shield Battery  
  104  8:14  High Templar  
  106  8:24  Assimilator  
  100  8:28  Assimilator  
  100  8:29  Pylon  
  100  8:30  High Templar  
  102  8:34  Archon  
  102  8:37  Adept x2  
  102  8:59  High Templar x2  
  102  9:00  Zealot  
  108  9:03  Archon  
  108  9:09  Sentry  
  65  9:33  Stalker x4  
Tags
 
Composition
MMM Bio
League
Diamond
Matchup
PvT
Spawn Locations
Cross Positions
Add a new tag
Caveats
  • Supply blocks, unpowered buildings, or Contaminate may cause inaccurate times.
  • Supply counts are checked every 10 seconds.